 Dungeon Crawl Stone Soup version 0.32-a0-411-g744942f433 (webtiles) character file.

Game seed: 18263735922277959445

2 Bravepunisher the Ducker (level 1, -1/11 HPs)
             Began as a Spriggan Monk on Feb 21, 2024.
             Slain by an orc wizard
             ... wielding a +0 dagger
              (2 damage)
             ... on level 7 of the Dungeon.
             The game lasted 00:02:40 (454 turns).

Bravepunisher the Ducker (Spriggan Monk)             Turns: 454, Time: 00:02:40

Health: -1/11      AC:  2    Str:  7    XL:     1   Next: 25%
Magic:  2/2        EV: 18    Int: 11    God:
Gold:   14         SH:  0    Dex: 17    Spells: 0/0 levels left

rFire   . . .        a - +0 short sword
rCold   . . .        (no shield)
rNeg    . . .        b - +0 robe
rPois   .            (helmet restricted)
rElec   .            (no cloak)
rCorr   .            (gloves unavailable)
SInv    +            (boots unavailable)
Will    .....        (no amulet)
Stlth   +            (no ring)
HPRegen 0.21/turn    (no ring)
MPRegen 0.08/turn

%: no passive effects
@: confused, very quick
A: very small, no large weapons, unfitting armour, see invisible, speed 3
a: Convert to Beogh


You were on level 7 of the Dungeon.
You visited 1 branch of the dungeon, and saw 8 of its levels.

You collected 14 gold pieces.

Inventory:

Hand Weapons
 a - a +0 short sword (weapon)
Armour
 b - a +0 robe (worn)
Scrolls
 d - a scroll of fog {unknown}
 e - a scroll of identify {unknown}
Potions
 c - a potion of ambrosia
 f - a potion of berserk rage {unknown}


   Skills:
 + Level 2.4 Fighting
 - Level 3.2 Short Blades
 * Level 4.1 Dodging


You couldn't memorise any spells.
You didn't know any spells.
Your spell library was empty.

Dungeon Overview and Level Annotations

Branches:
Dungeon (8/15)             Temple (0/1) D:7
   Lair: D:8-11

Altars:
Uskayaw

Shops:
D:3 (

Annotations:
D:7 1 runed translucent door


Innate Abilities, Weirdness & Mutations

You are very small and have problems with some larger weapons.
You are too small for most types of armour.
You have supernaturally acute eyesight. (SInv)
You cover ground extremely quickly. (Speed+++)


Message History

Found a hammer.
Found a runed translucent door.
There is a stone staircase leading down here.
f - a grey potion
Found a chain mail.
Found a stone staircase leading down.
You see here a +0 chain mail.
You now have 14 gold pieces.
A black bear comes into view.
Found 3 large rocks.
You see here 3 large rocks.
You hear the faint creaking of a distant portcullis.
An orc wizard, an orc priest and an orc come into view.
Found 8 gold pieces.
Found a staircase to the Ecumenical Temple.
The orc priest shouts!
The orc shouts!
An orc comes into view. It is wielding a +0 short sword.
Unknown command.
An orc comes into view. It is wielding a +0 flail.
Found a scroll labelled UPUGOU KUYWUTH.
The orc shouts!
The orc priest looks encouraged for a moment.
An orc wizard comes into view. It is wielding a +0 dagger.
The orc wizard shouts!
The orc wizard casts a spell.
The orc wizard flickers and vanishes for a moment.
The orc wizard gestures at you while chanting.
You are confused.
You bump into the granite statue.
You bump into the rock wall.
The orc throws a boomerang.
The boomerang misses you. The orc wizard casts a spell at you.
The puff of flame hits you!
Ouch! That really hurt!
* * * LOW HITPOINT WARNING * * *
The orc priest shouts, "Beogh offers mercy even to people such as you.
Join us and be reborn!" (press Y on the ability menu to convert to Beogh)
You bump into the granite statue.
The orc hits you with a +0 short sword.
* * * LOW HITPOINT WARNING * * *
The orc wizard hits you with a +0 dagger.
You die...

.....#.####.#o........#####.#
... #.# #.#.######### #.# .
#.# #.#.$...... #.#
#.####.......... #.#
#o.............. #+#
#......ß⌠..... #..o........##
#.####oßo.>.##### ..####.##
#..@.......#
ß........###.ßo.......#
.......#..............#
.......#####.#.###+####
....... ....... .......
######### ....... .......


You could see an orc priest, 2 orc wizards and 2 orcs.

Vanquished Creatures
  A quokka (D:4)
1 creature vanquished.

Notes
Turn   | Place    | Note
-------+----------+-------------------------------------------
     0 | D:1      | Bravepunisher the Spriggan Monk began the quest for the
                  | Orb.
     0 | D:1      | Reached XP level 1. HP: 11/11 MP: 2/2
    65 | D:3      | Found Besic's Weapon Shoppe.
   102 | D:3      | Found a faded altar of an unknown god.
   111 | D:4      | Noticed a gnoll bouda
   111 | D:4      | Noticed a sleepcap
   129 | D:4      | Noticed an iguana
   157 | D:4      | Noticed an orc wizard
   167 | D:5      | Entered Level 5 of the Dungeon
   167 | D:5      | Noticed a bombardier beetle
   168 | D:5      | Noticed a phantom
   171 | D:5      | Noticed a +0 short sword
   172 | D:5      | Noticed a +0 spear
   172 | D:5      | Noticed a +0 dagger
   172 | D:5      | Noticed a +0 dagger
   173 | D:5      | Noticed a +0 falchion
   173 | D:5      | Noticed a +0 short sword
   174 | D:5      | Noticed a +0 falchion
   175 | D:5      | Noticed a +0 spear
   178 | D:5      | Found a hide-covered altar of Uskayaw.
   178 | D:5      | Noticed a gnoll bouda
   180 | D:5      | Noticed an ice beast
   198 | D:5      | Noticed a steam dragon
   241 | D:6      | Noticed a gnoll sergeant
   257 | D:6      | Noticed a scorpion
   286 | D:6      | Noticed a bullfrog
   290 | D:5      | Noticed an iguana
   293 | D:5      | You fall into a shaft and drop 3 floors!
   302 | D:8      | Noticed a wight
   348 | D:7      | Found a runed translucent door.
   406 | D:7      | Noticed a black bear
   427 | D:7      | Found a staircase to the Ecumenical Temple.
   427 | D:7      | Noticed an orc wizard
   427 | D:7      | Noticed an orc priest
   438 | D:7      | Noticed an orc wizard
   454 | D:7      | Slain by an orc wizard

Illustrated notes

Levels and vault maps discovered:
D:1:      lemuel_arrival_broad_hall, layout_rooms
D:2:      layout_rooms, serial_shops, nicolae_diamond_shop, shop, shop
D:3:      layout_rooms, chequers_ecumenical_altar_simple, serial_shops,
          nicolae_shop_hallway_plus
D:4:      layout_gridville, nemelex_diamond_rough_becter, serial_shops,
          nicolae_shop_waterfront, gammafunk_ghost_cemetery, uniq_blork_the_orc
D:5:      layout_loops_ring, nicolae_uskayaw_en_pointe,
          mainiacjoe_overflow_alcove_1, nicolae_wormholes
D:6:      layout_loops_corners, makhleb_blood_cavern_becter,
          minmay_fire_ice_demons, uniq_jeremiah
D:7:      layout_basic, minmay_temple_entry_drinking_statues, nzn_ghost_randoct,
          enter_bailey_6, minmay_statues_item, uniq_crazy_yiuf_cottage
D:8:      gammafunk_the_bubble [the_bubble_gammafunk_plus_minus],
          layout_layer_cave, nzn_wu_jian_council_hall

Action                     || total
---------------------------++-------
  Melee: Short sword       ||     5
 Armour: Robe              ||    14
  Dodge: Dodged            ||    24

Table legend: (Time is in decaauts)
 A = Elapsed time spent in this place.
 B = Non-inter-level travel time spent in this place.
 C = Inter-level travel time spent in this place.
 D = Time resting spent in this place.
 E = Time spent auto-exploring this place.
 F = Levels seen in this place.
 G = Mean time per level.
                   A        B        C        D        E       F      G
               +--------+--------+--------+--------+--------+-----+--------+
         Total |    290 |    290 |      0 |      0 |     56 |   8 |   36.2 |
       Dungeon |    290 |    290 |      0 |      0 |     56 |   8 |   36.2 |
               +--------+--------+--------+--------+--------+-----+--------+

Top non-repeatable levels by time:
     D:7: 69 daAuts
     D:6: 51 daAuts
     D:3: 44 daAuts
     D:4: 33 daAuts
     D:8: 31 daAuts
     D:5: 28 daAuts
     D:2: 18 daAuts
     D:1: 14 daAuts
